 Dungeon Crawl Stone Soup version 0.28.0 (webtiles) character file.

Game seed: 13253799907667146407

966 BorgnjorsVileCrotch the Cleaver (level 7, -5/61 HPs)
             Began as a Deep Dwarf Fighter on Feb 8, 2022.
             Slain by Harold (16 damage)
             ... on level 7 of the Dungeon.
             The game lasted 00:04:06 (747 turns).

BorgnjorsVileCrotch the Cleaver (Deep Dwarf Fighter) Turns: 747, Time: 00:04:06

Health: -5/61      AC: 12    Str: 22    XL:     7   Next: 93%
Magic:  5/5        EV:  6    Int:  8    God:
Gold:   54         SH:  4    Dex: 12    Spells: 6/6 levels left

rFire   . . .      SeeInvis .   a - +0 war axe
rCold   . . .      Faith    .   c - +0 buckler
rNeg    . . .      Spirit   .   j - +0 plate armour
rPois   .          Reflect  .   (no helmet)
rElec   .          Harm     .   g - +0 cloak
rCorr   .          Rampage  .   (no gloves)
Will    +....                   (no boots)
Stlth   ..........              (no amulet)
HPRegen 0.00/turn               (no ring)
MPRegen 0.09/turn               (no ring)

@: marked, slowed, very slow
A: damage resistance, heal wounds, sense surroundings 1, no regeneration
a: Heal Wounds


You were on level 7 of the Dungeon.
You visited 1 branch of the dungeon, and saw 7 of its levels.

You collected 54 gold pieces.

Inventory:

Hand Weapons
 a - a +0 war axe (weapon)
Armour
 b - a +0 scale mail
 c - a +0 buckler (worn)
 g - a +0 cloak (worn)
   (You found it on level 1 of the Dungeon)
 j - a +0 plate armour (worn)
   (You found it on level 5 of the Dungeon)
Scrolls
 f - a scroll of enchant armour {unknown}
Potions
 d - 2 potions of might {@q3 !q}
 e - 2 potions of heal wounds {@q2 !q}
 h - 2 potions of attraction {unknown}
 i - 3 potions of curing {unknown}
 k - 2 potions of brilliance {unknown}
 l - a potion of degeneration {unknown}


   Skills:
 - Level 2.6 Fighting
 + Level 10.2 Axes
 - Level 3.2 Armour
 - Level 3.2 Shields


You had 6 spell levels left.
You didn't know any spells.
Your spell library was empty.

Dungeon Overview and Level Annotations

Branches:
Dungeon (7/15)
 Temple: D:4-7

Altars:
Elyvilon

Shops:
D:2 ?

Annotations:
D:7 Harold


Innate Abilities, Weirdness & Mutations

You are resistant to damage.
You can heal yourself by infusing magical energy.
You passively map a small area around you.
You do not regenerate.


Message History

The hornet stings you but does no damage.
The hornet barely misses you.
You tear a large gash into the net.
The hornet stings you.
You suddenly lose the ability to move!
Harold hits you with a +0 scimitar!
You can move again.
You rip the net and break free!
The hornet stings you but does no damage.
Harold hits you with a +0 scimitar!! You block the hornet's attack.
You feel much better. The hornet stings you!
You feel yourself slow down. Harold hits you with a +0 scimitar!
The hornet stings you but does no damage.
Harold hits you with a +0 scimitar.
The hornet stings you but does no damage.
You feel yourself speed up. Harold casts a spell at you.
A sentinel's mark forms upon you. The hornet stings you!
You are poisoned.
You feel yourself slow down.
You feel yourself speed up. The hornet stings you!
You are more poisoned.
You suddenly lose the ability to move!
The hornet stings you.
You feel yourself slow down. The hornet stings you.
* * * LOW HITPOINT WARNING * * *
You feel as though you will be slow longer.
The hornet stings you.
* * * LOW HITPOINT WARNING * * *
You feel as though you will be slow longer.
You can move again.
You feel much better. The hornet barely misses you. The hornet stings you.
You are more poisoned.
You feel as though you will be slow longer.
You closely miss the hornet.
The hornet is moderately wounded.
The hornet stings you but does no damage.
The hornet stings you.
You feel as though you will be slow longer.
The hornet barely misses you.
You slash the hornet!
The hornet is heavily wounded.
The hornet stings you but does no damage. x2
The hornet stings you.
You are more poisoned.
You feel as though you will be slow longer.
You hit the hornet.
The hornet is severely wounded.
The hornet stings you.
You feel as though you will be slow longer.
The hornet stings you but does no damage.
You hit the hornet but do no damage.
The hornet is severely wounded.
The hornet stings you but does no damage.
The hornet stings you.
You feel as though you will be slow longer.
The hornet stings you.
You feel as though you will be slow longer.
Harold says, "Let's make it quick, okay?
I've got mouths to feed."
You hit the hornet.
The hornet is almost dead.
You block the hornet's attack.
The hornet stings you but does no damage.
You barely miss the hornet.
The hornet is almost dead.
The hornet stings you.
You feel as though you will be slow longer.
The hornet stings you but does no damage.
You hit the hornet.
You kill the hornet!
Your Axes skill increases to level 10!
You hit Harold but do no damage. Harold hits you but does no damage.
Harold casts a spell at you. The mark upon you grows brighter.
You slash Harold!
Harold is lightly wounded.
You are no longer poisoned.
Harold hits you with a +0 scimitar. x2
You hit Harold.
Harold is moderately wounded.
Harold hits you with a +0 scimitar.
You slash Harold!
Harold is moderately wounded.
Harold hits you with a +0 scimitar!
* * * LOW HITPOINT WARNING * * *
Harold hits you with a +0 scimitar!
* * * LOW HITPOINT WARNING * * *
You hit Harold but do no damage.
Harold is moderately wounded.
You block Harold's attack.
Your magical essence is drained by the effort!
You feel much better. Harold hits you with a +0 scimitar!
You block Harold's attack.
You hit Harold.
Harold is moderately wounded.
Harold hits you with a +0 scimitar!
* * * LOW HITPOINT WARNING * * *
You hit Harold.
Harold is moderately wounded.
Harold hits you with a +0 scimitar!
You die...

* , * * , , *
, , , * * * **
, ,, ,, , * ,
###########⌠,
#.........###
* *
#......<....#
.########....#
.......@@....#
##############
,, ,, , *** *
,


You could see Harold.

Vanquished Creatures
  A hornet (D:7)
  Grinder (D:6)
  A black bear (D:6)
  A bullfrog (D:6)
  A water moccasin zombie (D:5)
  A centaur zombie (D:5)
  A jelly (D:4)
  3 hounds
  An iguana (D:6)
  3 orc wizards (D:5)
  A gnoll (D:1)
  2 adders
  A howler monkey skeleton (D:6)
  An ufetubus (D:6)
  A worm (D:3)
  4 orcs
  An endoplasm (D:1)
  3 goblins
  2 hobgoblins
  3 jackals (D:1)
  3 kobolds
  A bat (D:3)
  A frilled lizard (D:1)
  5 rats
43 creatures vanquished.

Vanquished Creatures (others)
  A sky beast (D:5)
1 creature vanquished.

Grand Total: 44 creatures vanquished

Notes
Turn   | Place    | Note
-------+----------+-------------------------------------------
     0 | D:1      | BorgnjorsVileCrotch the Deep Dwarf Fighter began the quest
                  | for the Orb.
     0 | D:1      | Reached XP level 1. HP: 20/20 MP: 1/1
    61 | D:1      | Reached skill level 3 in Axes
    61 | D:1      | Reached XP level 2. HP: 25/27 MP: 2/2
    99 | D:1      | You fall into a shaft and drop 1 floor!
   115 | D:2      | Reached XP level 3. HP: 28/33 MP: 3/3
   197 | D:2      | Found Ethol's Magic Scroll Shop.
   204 | D:2      | Reached skill level 4 in Axes
   341 | D:4      | Reached XP level 4. HP: 30/40 MP: 4/4
   350 | D:4      | Reached skill level 5 in Axes
   366 | D:5      | Entered Level 5 of the Dungeon
   402 | D:5      | Reached skill level 6 in Axes
   402 | D:5      | Reached XP level 5. HP: 18/46 MP: 5/5
   408 | D:5      | Found a white marble altar of Elyvilon.
   467 | D:5      | Noticed a sky beast
   475 | D:5      | Killed a sky beast
   476 | D:5      | Reached skill level 7 in Axes
   479 | D:5      | Reached XP level 6. HP: 17/55 MP: 6/6
   679 | D:6      | Noticed Grinder
   687 | D:6      | Reached skill level 8 in Axes
   687 | D:6      | Paralysed by Grinder for 4 turns
   696 | D:6      | Paralysed by Grinder for 6 turns
   703 | D:6      | Reached XP level 7. HP: 42/61 MP: 7/7
   707 | D:6      | Killed Grinder
   708 | D:6      | Reached skill level 9 in Axes
   720 | D:7      | Noticed Harold
   720 | D:7      | Noticed a hornet
   721 | D:7      | Your magical essence is drained by the effort!
   724 | D:7      | Paralysed by a hornet for 1 turns
   729 | D:7      | Paralysed by a hornet for 3 turns
   739 | D:7      | Killed a hornet
   740 | D:7      | Reached skill level 10 in Axes
   745 | D:7      | Your magical essence is drained by the effort!
   747 | D:7      | Slain by Harold

Illustrated notes

Levels and vault maps discovered:
D:1:      ncdulo_smallfort, layout_rooms, minmay_octomino_j4
D:2:      layout_basic, serial_shops, nicolae_diamond_shop
D:3:      layout_loops_ring, nicolae_qazlal_scattered_showers,
          basic_ecumenical_altar, grunt_ministairs_14
D:4:      layout_basic, nicolae_ossuary_entry_plus, minmay_fountain_box,
          minmay_crossroads, uniq_crazy_yiuf_cottage
D:5:      layout_layer_cave, mainiacjoe_overflow_24_doors, elyvilon_altar_1,
          riverfiend_overflow_shadow_ancestor, nicolae_shop_firing_range
D:6:      layout_cave_pods, serial_column_ruins, column_ruins_pillar_1,
          column_ruins_pillar_7, column_ruins_pillar_5, column_ruins_pillar_1,
          column_ruins_pillar_2, column_ruins_pillar_7, column_ruins_pillar_3,
          column_ruins_pillar_1, column_ruins_pillar_5, column_ruins_pillar_6,
          column_ruins_pillar_5, column_ruins_pillar_12, column_ruins_pillar_1,
          column_ruins_pillar_4, column_ruins_pillar_1, column_ruins_pillar_2,
          column_ruins_pillar_3, uniq_grinder
D:7:      layout_basic, minmay_temple_entry_antechambers, uniq_harold

Skill      XL: |  1  2  3  4  5  6  7 |
---------------+----------------------+-----
Axes           | 3 4 6 7 8 10 | 10.2
Fighting       | |  2.6
Armour         | |  3.2
Shields        | |  3.2

Action                   |  1- 3 |  4- 6 |  7- 9 || total
-------------------------+-------+-------+-------++-------
Melee: War axe           |    40 |    91 |    20 ||   151
 Abil: Heal Wounds       |       |     6 |     4 ||    10
  Use: Scroll            |       |     2 |       ||     2
Armor: Scale mail        |    43 |    50 |       ||    93
       Plate armour      |       |    99 |    17 ||   116
Dodge: Dodged            |    30 |    59 |     6 ||    95
Block: Buckler           |    25 |    29 |     6 ||    60
